AoeStats
← 17_Neo_

Arena

509903595Analyzed
1v1 RM · 3d ago on Sep 28, 2026· 35m 52s· 2 players
Game mode
Random Map
Map size
Tiny (2 player)
Population
200
Speed
Normal
Resources
Standard
Victory
Conquest
Starting age
Dark Age
Ending age
Imperial Age
RankedLock teamsTeams togetherTeam positionsShared explorationLock speedFull tech treeHidden civsTurbo modeCheats
Victory
Defeat
🇺🇸 Khmer · United States
1754
+13
🇨🇴 Byzantines · Colombia
1682
-13
17_Neo_
10:40 Feudal Age
12:16 Wheelbarrow
14:51 Castle Age
13:23 Double-Bit Axe
13:18 Horse Collar
16:21 Bow Saw
21:56 Heavy Plow
23:50 Stone Mining
23:54 Gold Mining
27:24 Imperial Age
24:44 Loom
25:19 Forging
25:50 Scale Mail Armor
26:00 Squires
25:23 Pikeman
27:16 Fletching
27:27 Padded Archer Armor
27:50 Capped Ram
29:35 Chemistry
28:11 Halberdier
28:54 Scale Mail Armor
29:00 Bodkin Arrow
30:11 Iron Casting
28:59 Elite Skirmisher
30:10 Bracer
31:20 Leather Archer Armor
31:21 Chain Mail Armor
32:39 Clinker Construction
32:09 Treadmill Crane
34:22 Arson
SS_Guxta
10:49 Feudal Age
13:36 Castle Age
11:59 Double-Bit Axe
11:54 Horse Collar
15:25 Loom
16:22 Town Watch
22:27 Wheelbarrow
22:43 Bow Saw
23:34 Heavy Plow
28:41 Imperial Age
26:09 Gold Mining
26:53 Fortified Wall
28:33 Hand Cart
29:22 Double Crossbow
30:10 Ballistics
29:32 Capped Ram
32:06 Chemistry
32:53 Heavy Scorpion
Connection lost

Rejoining the realm…

Still unreachable

The connection could not be restored.

Session expired

The server has moved on; the page needs a fresh start.